 Dungeon Crawl Stone Soup version 0.27-a0-1381-g81fdcbfb23 (webtiles) character file.

Game seed: 6457119763978415474

2279 Kinoniko the Cleaver (level 9, -2/71 HPs)
             Began as a Minotaur Berserker on June 30, 2021.
             Was an Elder of Trog.
             Slain by a gnoll sergeant (10 damage)
             ... while paralysed
             ... on level 7 of the Dungeon.
             The game lasted 00:08:18 (7844 turns).

Kinoniko the Cleaver (Minotaur Berserker)           Turns: 7844, Time: 00:08:19

Health: -2/71      AC: 17    Str: 22    XL:     9   Next: 16%
Magic:  8/8        EV:  2    Int:  7    God:    Trog [****..]
Gold:   919        SH:  0    Dex: 10    Spells: 8/8 levels left

rFire    . . .     SeeInvis .   a - +7 broad axe (flame)
rCold    . . .     Faith    .   t - +0 buckler
rNeg     . . .     Spirit   .   r - +0 chain mail
rPois    .         Reflect  .   (helmet restricted)
rElec    .         Harm     .   (no cloak)
rCorr    .         Rampage  .   n - +0 pair of gloves
Will     .....                  (no boots)
Stlth    ..........             c - amulet of the acrobat
HPRegen  0.21/turn              f - +4 ring of protection
MPRegen  0.11/turn              h - +4 ring of protection

@: paralysed, on berserk cooldown, slowed
A: horns 2, retaliatory headbutt
a: Renounce Religion, Berserk, Trog's Hand, Brothers in Arms


You were on level 7 of the Dungeon.
You worshipped Trog.
Trog was greatly pleased with you.
You visited 1 branch of the dungeon, and saw 7 of its levels.
You also visited: Sewer.

You collected 1048 gold pieces.
You spent 129 gold pieces at shops.

Inventory:

Hand Weapons
 a - a +7 broad axe of flaming (weapon)
 e - a +0 hand axe of electrocution
Armour
 n - a +0 pair of gloves (worn)
 r - a +0 chain mail (worn)
 t - a +0 buckler (worn)
Jewellery
 c - an amulet of the acrobat (around neck)
 f - a +4 ring of protection (left hand)
 h - a +4 ring of protection (right hand)
 u - a ring of resist corrosion
 w - a ring of poison resistance
Scrolls
 b - a scroll of holy word
 d - 3 scrolls of teleportation
 m - 4 scrolls of fear
 o - a scroll of magic mapping
 p - 3 scrolls of blinking
Potions
 g - a potion of mutation {unknown}
 i - 4 potions of curing
 j - 3 potions of haste {unknown}
 k - a potion of ambrosia {unknown}
 q - a potion of might {unknown}
 s - 2 potions of heal wounds
 v - 2 potions of degeneration {unknown}
 z - a potion of attraction {unknown}
Miscellaneous
 l - a condenser vane


   Skills:
 + Level 3.9 Fighting
 * Level 14.2 Axes
 - Level 2.4 Armour
 - Level 2.1 Dodging


You had 8 spell levels left.
You didn't know any spells.
Your spell library was empty.

Dungeon Overview and Level Annotations

Branches:
Dungeon (7/15)             Temple (0/1) D:5           Sewer (visited)

Altars:
Elyvilon
Kikubaaqudgha
The Shining One

Shops:
D:3 =?   D:5 *

Portals:
Abyss: D:5

Annotations:
D:5 2 transporters, BlueGoblin's ghost, amateur GrFi


Innate Abilities, Weirdness & Mutations

You have a pair of horns on your head.
You reflexively headbutt those who attack you in melee.


Message History

You struggle against the net.
You struggle against the net.
You feel a strong urge to attack something.
The gnoll hits you but does no damage. x3
The gnoll sergeant hits you but does no damage.
You struggle against the net.
The gnoll hits you from afar with a +0 spear.
The gnoll hits you but does no damage. x2
The gnoll sergeant hits you with a +1 trident of flaming.
The gnoll sergeant burns you.
Unknown command.
You struggle against the net.
You feel your anger nearly subside.
You rip the net and break free!
You are no longer berserk.
You pass out from exhaustion.
You feel yourself slow down. The gnoll hits you but does no damage.
The gnoll hits you from afar with a +0 spear. x2
The gnoll sergeant hits you with a +1 trident of flaming.
The gnoll sergeant burns you. The gnoll hits you but does no damage.
The gnoll hits you from afar with a +0 spear.
The gnoll hits you but does no damage.
The gnoll sergeant hits you with a +1 trident of flaming.
The gnoll sergeant burns you.
The gnoll hits you from afar with a +0 spear.
The gnoll hits you but does no damage.
The gnoll hits you from afar with a +0 spear!
The gnoll sergeant hits you with a +1 trident of flaming.
The gnoll sergeant burns you. The gnoll barely misses you.
The gnoll hits you from afar with a +0 spear!
The gnoll hits you but does no damage.
The gnoll sergeant hits you with a +1 trident of flaming!
* * * LOW HITPOINT WARNING * * *
The gnoll sergeant burns you.
* * * LOW HITPOINT WARNING * * *
The gnoll hits you but does no damage. x3
The gnoll sergeant hits you with a +1 trident of flaming!
You die...

).$ ..# ######..... ..
..# #.........# ..
<...##.........# #.
#.#.##.........# #.
#.#..#.........#
#.####.##...............
.....g....####..........
....gg.@....##.........#
.#...gg###.......^.....#
....... #..............
.....!. ###............
....... #..##...#..#.
....... ###..###....##.
....... ..........####.
....... ..........# #..
........###......#.# #..


You could see a gnoll sergeant and 4 gnolls.

Vanquished Creatures
  A wyvern (D:7)
  A water moccasin (D:7)
  An orc warrior (D:7)
  A sky beast (D:7)
  2 black bears
  3 ogres
  A necrophage (D:4)
  A phantom (D:7)
  A kobold brigand (D:6)
  3 bullfrogs
  2 scorpions
  5 wights (D:7)
  A hound (D:6)
  2 bullfrog zombies
  A jelly (D:5)
  An orc priest (D:7)
  4 bullfrog skeletons
  A centaur skeleton (D:4)
  An iguana (D:6)
  An orc wizard (D:4)
  A hound zombie (D:5)
  A hound skeleton (D:4)
  12 gnolls
  A howler monkey skeleton (D:4)
  10 adders
  An ufetubus (D:5)
  3 dart slugs
  14 orcs
  10 ball pythons
  2 endoplasms (D:2)
  10 giant cockroaches
  5 goblins
  4 hobgoblins
  10 jackals
  7 quokkas
  2 bats (D:2)
  8 frilled lizards
  6 kobolds
141 creatures vanquished.

Vanquished Creatures (others)
  A human (D:6)
1 creature vanquished.

Grand Total: 142 creatures vanquished

Notes
Turn   | Place    | Note
-------+----------+-------------------------------------------
     0 | D:1      | Kinoniko the Minotaur Berserker began the quest for the
                  | Orb.
     0 | D:1      | Reached XP level 1. HP: 19/19 MP: 0/0
   336 | D:1      | Reached skill level 4 in Axes
   607 | D:1      | Reached XP level 2. HP: 21/26 MP: 1/1
  1683 | D:2      | Reached skill level 5 in Axes
  2021 | D:2      | Reached XP level 3. HP: 31/31 MP: 2/2
  2781 | D:2      | Found a faded altar of an unknown god.
  2958 | D:3      | Found a glowing drain.
  2979 | D:3      | Reached ** piety under Trog
  2986 | Sewer    | Entered a sewer
  3002 | Sewer    | Reached XP level 4. HP: 36/39 MP: 3/3
  3005 | Sewer    | Reached skill level 6 in Axes
  3256 | Sewer    | Noticed a bullfrog
  3256 | Sewer    | Noticed a bullfrog
  3259 | Sewer    | Killed a bullfrog
  3260 | Sewer    | Reached skill level 7 in Axes
  3260 | Sewer    | Reached XP level 5. HP: 45/45 MP: 4/4
  3371 | D:3      | Found Woshrel's Magic Scroll Emporium.
  3378 | D:3      | Bought a scroll of identify for 24 gold pieces
  3378 | D:3      | Identified a scroll of acquirement
  3380 | D:3      | Acquired a +4 broad axe of flaming
  3441 | D:3      | Reached skill level 8 in Axes
  3529 | D:3      | Found Nillaoc's Jewellery Shop.
  3934 | D:3      | Reached XP level 6. HP: 51/51 MP: 5/5
  3952 | D:3      | Reached *** piety under Trog
  4171 | D:4      | Reached skill level 9 in Axes
  4176 | D:4      | Reached XP level 7. HP: 49/57 MP: 6/6
  4314 | D:4      | Reached skill level 10 in Axes
  4497 | D:4      | Acquired 688 gold pieces
  5194 | D:5      | Entered Level 5 of the Dungeon
  5303 | D:5      | Found a white marble altar of Elyvilon.
  5480 | D:5      | Reached skill level 11 in Axes
  5629 | D:5      | Found a transporter.
  5629 | D:5      | Found a transporter.
  5650 | D:5      | Found Jutwoole's General Store.
  5654 | D:5      | Found a one-way gate to the infinite horrors of the Abyss.
  5654 | D:5      | Noticed BlueGoblin's ghost (amateur GrFi)
  5664 | D:5      | Bought a scroll of enchant weapon for 105 gold pieces
  5686 | D:5      | Found a staircase to the Ecumenical Temple.
  5752 | D:5      | Found a glowing golden altar of the Shining One.
  6216 | D:6      | Reached XP level 8. HP: 64/64 MP: 7/7
  6454 | D:6      | Found an ancient bone altar of Kikubaaqudgha.
  6582 | D:6      | Reached skill level 12 in Axes
  6960 | D:7      | Reached skill level 13 in Axes
  7274 | D:7      | Reached **** piety under Trog
  7539 | D:7      | Reached XP level 9. HP: 70/70 MP: 8/8
  7541 | D:7      | Reached skill level 14 in Axes
  7844 | D:7      | Slain by a gnoll sergeant

Illustrated notes

Levels and vault maps discovered:
D:1:      lightli_arrival_statue_moat, layout_basic, minmay_octomino_j4
D:2:      layout_basic, dilly_ecumenical_altar_fadedgnrine
D:3:      layout_loops_ring, serial_shops, shop, nicolae_diamond_shop,
          gup_sewer_entry_glass, grunt_ministairs_2, patterned_corridor
D:4:      layout_gridville, minivault_19
D:5:      layout_loops_corners, lemuel_crystal_altar, kennysheep_little_box,
          temple_green, gammafunk_ghost_abyssal_escape, serial_shops, shop
D:6:      layout_basic, tgw_kikubaaqudgha
D:7:      layout_rooms

Skill      XL: |  1  2  3  4  5  6  7  8  9 |
---------------+----------------------------+-----
Axes           | 4 5 7 8 9 11 13 14 | 14.2
Fighting       | |  3.9
Armour         | |  2.4
Dodging        | |  2.1

Action                   |  1- 3 |  4- 6 |  7- 9 || total
-------------------------+-------+-------+-------++-------
Melee: Hand axe          |    79 |    41 |       ||   120
       Headbutt          |     3 |     9 |    21 ||    33
       Broad axe         |       |    40 |   126 ||   166
Invok: Berserk           |     1 |     3 |     7 ||    11
  Use: Scroll            |     4 |     4 |     7 ||    15
Armor: Animal skin       |     3 |       |       ||     3
       Ring mail         |    10 |       |       ||    10
       Scale mail        |    24 |    36 |     4 ||    64
       Chain mail        |       |       |    74 ||    74
Dodge: Dodged            |    38 |    42 |    57 ||   137
Block: Buckler           |       |       |    11 ||    11

Table legend: (Time is in decaauts)
 A = Elapsed time spent in this place.
 B = Non-inter-level travel time spent in this place.
 C = Inter-level travel time spent in this place.
 D = Time resting spent in this place.
 E = Time spent auto-exploring this place.
 F = Levels seen in this place.
 G = Mean time per level.
                   A        B        C        D        E       F      G
               +--------+--------+--------+--------+--------+-----+--------+
         Total |   7994 |   7571 |    423 |   1363 |   5371 |   8 |  999.2 |
       Dungeon |   7579 |   7156 |    423 |   1301 |   5152 |   7 | 1082.7 |
         Sewer |    414 |    414 |      0 |     61 |    219 |   1 |  414.0 |
               +--------+--------+--------+--------+--------+-----+--------+

Top non-repeatable levels by time:
     D:1: 1665 daAuts
     D:2: 1234 daAuts
     D:6: 1230 daAuts
     D:4: 1068 daAuts
     D:3: 916 daAuts
     D:5: 882 daAuts
     D:7: 582 daAuts
   Sewer: 414 daAuts
